Map: Proxima Station LE

Players

BackupA - Winner!

  • Race: Zerg Zerg
  • Spawn Location: 1:00

MediamanoEZ

  • Race: Protoss Protoss
  • Spawn Location: 7:00

Event: WCS Valencia 2017

VOD

Have the link to the VOD?

Description

Time

  • Played on: July 13, 2017, 7:26 a.m.
  • Length: 5:40

All games in this series

Show
View Real Time Build Order
Export as new Build Order

BackupA Zerg - Winner!

Build Orders: Hatch First 

Get SALT Encoding   

  12  0:01  Drone  
  13  0:13  Overlord  
  13  0:17  Drone  
  14  0:31  Drone x2  
  14  0:35  Drone  
  17  0:53  Hatchery  
  16  0:57  Drone  
  16  1:00  Extractor  
  16  1:01  Drone  
  17  1:15  Spawning Pool  
  17  1:18  Drone  
  17  1:23  Drone  
  18  1:29  Drone  
  19  1:40  Overlord  
  19  2:02  Zergling x4  
  19  2:03  Queen, Metabolic Boost  
  19  2:06  Queen  
  25  2:10  Drone  
  26  2:16  Drone  
  26  2:18  Drone  
  28  2:24  Drone  
  29  2:30  Drone  
  29  2:34  Drone  
  31  2:45  Hatchery  
  31  2:49  Pneumatized Carapace  
  30  2:53  Drone  
  30  2:57  Zergling x2  
  32  3:00  Overlord  
  32  3:03  Drone  
  33  3:05  Drone  
  33  3:10  Overlord  
  34  3:17  Drone x2  
  36  3:20  Drone x2  
  38  3:27  Queen  
  38  3:29  Drone  
  38  3:31  Drone  
  38  3:34  Drone  
  43  3:39  Drone  
  44  3:50  Zergling x4  
  44  3:55  Drone x2  
  48  3:59  Baneling Nest, Extractor  
  48  4:02  Drone x2  
  48  4:03  Drone  
  49  4:10  Zergling x4  
  49  4:14  Drone  
  49  4:17  Drone  
  53  4:18  Roach Warren  
  53  4:24  Drone  
  53  4:32  Spine Crawler  
  53  4:34  Zergling x4  
  53  4:35  Zergling x8  
  58  4:40  Spine Crawler  
  58  4:45  Baneling x4  
  57  4:46  Baneling x2  
  57  4:47  Zergling x2  
  57  4:49  Overlord  
  57  4:50  Overlord  
  58  5:02  Overlord  
  57  5:10  Zergling x4  
  57  5:11  Zergling x6  
Show
View Real Time Build Order
Export as new Build Order

MediamanoEZ Protoss 

Build Orders: Nexus First 

Get SALT Encoding   

  12  0:01  Probe (Chrono Boost)  
  13  0:11  Probe (Chrono Boost)  
  14  0:18  Pylon  
  14  0:22  Probe (Chrono Boost)  
  15  0:37  Probe (Chrono Boost)  
  16  0:47  Probe (Chrono Boost)  
  17  1:01  Probe (Chrono Boost)  
  18  1:05  Nexus  
  18  1:16  Gateway  
  18  1:29  Probe (Chrono Boost)  
  18  1:31  Assimilator  
  19  1:32  Pylon  
  19  1:35  Assimilator  
  19  1:39  Probe (Chrono Boost)  
  20  1:53  Probe (Chrono Boost)  
  21  2:04  Probe (Chrono Boost)  
  21  2:07  Cybernetics Core  
  22  2:09  Pylon  
  22  2:14  Probe (Chrono Boost)  
  23  2:18  Probe (Chrono Boost)  
  24  2:23  Zealot  
  24  2:25  Probe (Chrono Boost)  
  24  2:29  Probe (Chrono Boost)  
  28  2:35  Probe (Chrono Boost)  
  29  2:43  Probe (Chrono Boost)  
  30  2:46  Probe (Chrono Boost), Warp Gate (Chrono Boost)  
  31  2:55  Robotics Facility  
  31  2:58  Probe x2 (Chrono Boost)  
  33  3:07  Pylon  
  33  3:08  Probe x2 (Chrono Boost)  
  35  3:18  Probe x2 (Chrono Boost)  
  37  3:28  Probe  
  37  3:30  Probe  
  39  3:35  Gateway  
  39  3:36  Gateway  
  39  3:38  Gateway  
  39  3:41  Probe  
  39  3:42  Probe  
  41  3:49  Immortal (Chrono Boost)  
  45  4:01  Gateway  
  45  4:02  Gateway  
  45  4:06  Gateway  
  45  4:15  Probe  
  45  4:16  Probe  
  49  4:24  Warp Prism (Chrono Boost)  
  49  4:43  Probe  
  49  4:44  Probe  
  51  4:50  Zealot  
  51  4:51  Zealot x2  
  57  5:02  Zealot  
Tags
 
Add a new tag
Caveats
  • Supply blocks, unpowered buildings, or Contaminate may cause inaccurate times.
  • Supply counts are checked every 10 seconds.